 Dungeon Crawl Stone Soup version 0.29-a0-914-g906f1d757c (webtiles) character file.

Game seed: 597611144405914684

39421 Destapler the Warrior (level 13, 0/195 (201) HPs)
             Began as a Minotaur Berserker on July 25, 2022.
             Was a High Priest of Trog.
             Slain by an orange demon (4 damage)
             ... on level 5 of the Lair of Beasts on July 26, 2022.
             The game lasted 01:18:36 (17933 turns).

Destapler the Warrior (Minotaur Berserker)         Turns: 17933, Time: 01:18:37

HP:   0/195 (201)   AC:  6    Str: 34    XL:     13   Next: 69%
MP:   10/10         EV: 13    Int:  6    God:    Trog [*****.]
Gold: 1114          SH: 10    Dex: 15    Spells: 12/12 levels left

rFire   . . .      SeeInvis .   a - +11 mace of the Beginning {vorpal, rPois Int+2}
rCold   . . .      Faith    .   Y - +0 buckler
rNeg    . . .      Spirit   .   X - +1 troll leather armour
rPois   +          Reflect  +   (helmet restricted)
rElec   .          Harm     .   N - scarf {+Inv}
rCorr   .          Rampage  .   (no gloves)
Will    .....                   (no boots)
Stlth   ..........              D - amulet of reflection
HPRegen 1.22/turn               c - +6 ring of strength
MPRegen 0.12/turn               U - +6 ring of dexterity

@: berserking, lightly drained, very quick
A: horns 2, retaliatory headbutt, deterioration 1, low MP 1, noise suppression
a: Renounce Religion, Evoke Invisibility, Berserk, Trog's Hand, Brothers in Arms


You were on level 5 of the Lair of Beasts.
You worshipped Trog.
Trog was extremely pleased with you.
You visited 2 branches of the dungeon, and saw 19 of its levels.

You collected 1114 gold pieces.

Inventory:

Hand Weapons
 a - the +11 mace of the Beginning (weapon) {vorpal, rPois Int+2}
   (You found it on level 2 of the Dungeon)

   It inflicts extra damage upon your enemies.
   Int:       It affects your intelligence (+2).
   rPois:     It protects you from poison.
 b - the +8 dagger "Killer Klown's Bane" {elec, rC+ Str+4}
   (You found it on level 5 of the Dungeon)

   It occasionally discharges a powerful burst of electricity upon striking a
   foe.
   Str:       It affects your strength (+4).
   rC:        It protects you from cold.
 u - a +3 falchion of protection
Missiles
 n - 41 poisoned darts (quivered)
 H - 86 stones
 I - 5 atropa-tipped darts
Armour
 o - a +2 plate armour of cold resistance
 N - a scarf of invisibility (worn)
 S - +0 acid dragon scales
 X - a +1 troll leather armour (worn)
 Y - a +0 buckler (worn)
Jewellery
 c - a +6 ring of strength (left hand)
 e - a ring of protection from fire
 f - a +4 ring of protection
 t - a +6 ring of dexterity
 x - a ring of poison resistance
 D - an amulet of reflection (around neck)
 K - a +4 ring of evasion
 U - a +6 ring of dexterity (right hand)
Wands
 h - a wand of flame (29)
 l - a wand of iceblast (11)
 r - a wand of digging (4)
 J - a wand of polymorph (10)
 R - a wand of charming (9)
 V - a wand of acid (6)
Scrolls
 m - a scroll of enchant armour
 p - 2 scrolls of identify
 q - 2 scrolls of immolation
 w - 2 scrolls of noise
 E - 3 scrolls of teleportation
 O - a scroll of poison
 Q - 3 scrolls of fear
 T - 2 scrolls of enchant weapon
 Z - a scroll of silence
Potions
 d - 5 potions of flight
 g - 6 potions of curing
 i - 3 potions of cancellation
 j - 3 potions of invisibility
 k - a potion of might
 s - a potion of ambrosia {unknown}
 z - 5 potions of heal wounds
 A - 3 potions of lignification
 B - 5 potions of attraction
 G - a potion of haste


   Skills:
 + Level 17.6 Fighting
 + Level 13.7 Short Blades
 - Level 4.0(9.8) Axes
 + Level 13.8(14.0) Maces & Flails
 - Level 6.0 Throwing
 - Level 6.0 Armour
 - Level 5.0 Dodging
 - Level 2.0 Stealth
 - Level 6.0 Shields
 - Level 5.0 Evocations


You had 12 spell levels left.
You didn't know any spells.
Your spell library contained the following spells:

 Spells                   Type           Power      Damage    Failure   Level
 Shock                    Conj/Air       0%         1d3       56%         1
 Sting                    Tmut/Pois      0%         1d3       56%         1
 Poisonous Vapours        Pois/Air       0%         N/A       71%         2
 Sublimation of Blood     Necr           0%         N/A       71%         2
 Confusing Touch          Hex            0%         N/A       90%         3
 Frozen Ramparts          Ice            0%         1d2       90%         3
 Gell's Gravitas          Tloc           0%         N/A       90%         3
 Swiftness                Air            0%         N/A       90%         3
 Teleport Other           Tloc           0%         N/A       90%         3
 Airstrike                Air            0%         0-1+      100%        4
 Ice Form                 Ice/Tmut       0%         N/A       100%        4
 Olgreb's Toxic Radiance  Pois           0%         N/A       100%        4
 Petrify                  Tmut/Erth      0%         N/A       100%        4
 Summon Ice Beast         Ice/Summ       0%         N/A       100%        4
 Irradiate                Conj/Tmut      0%         3d11      100%        5
 Yara's Violent Unravell  Hex/Tmut       0%         3d3       100%        5
 Dispersal                Tloc           0%         N/A       100%        6
 Enfeeble                 Hex            0%         N/A       100%        7
 Ozocubu's Refrigeration  Ice            0%         4d5       100%        7
 Ignition                 Fire           0%         3d3       100%        8


Dungeon Overview and Level Annotations

Branches:
Dungeon (14/15)            Temple (0/1) D:7            Lair (5/5) D:11
 Shoals (0/4) Lair:2       Spider (0/4) Lair:3       Vaults (0/5) D:14
  Slime: Lair:4-5       Orc: D:9-12

Altars:
Dithmenos
Fedhas
Gozag
Kikubaaqudgha
Makhleb
Nemelex Xobeh
Qazlal
Trog
Wu Jian
Xom
Yredelemnul
Zin
The Shining One

Shops:
D:9 [   D:11 *

Annotations:
D:6 1 runed translucent door, exclusion: door, Crazy Yiuf


Innate Abilities, Weirdness & Mutations

You have a pair of horns on your head.
You reflexively headbutt those who attack you in melee.
Your body sometimes deteriorates upon taking damage.
Your magical capacity is low. (-10% MP)
You passively dampen the noise of your surroundings.


Message History

* * * LOW HITPOINT WARNING * * *
The ice devil hits you!
* * * LOW HITPOINT WARNING * * *
The ice devil freezes you!!
* * * LOW HITPOINT WARNING * * *
There is an open door, spattered with blood here.
You closely miss the orange demon. You sock the orange demon!
The orange demon is moderately wounded.
You block the orange demon's attack. x2; The ice devil hits you!
* * * LOW HITPOINT WARNING * * *
The ice devil freezes you!
* * * LOW HITPOINT WARNING * * *
You block the orange demon's attack. The orange demon hits you.
* * * LOW HITPOINT WARNING * * *
The orange demon stings you but does no damage.
An ice devil comes into view.
You sock the ice devil!
The ice devil is heavily wounded.
You sock the ice devil!
The ice devil is severely wounded.
You block the orange demon's attack. x2; The orange demon closely misses you.
You furiously retaliate!
You headbutt the orange demon! The orange demon barely misses you.
The orange demon stings you but does no damage.
You block the ice devil's attack.
You sock the ice devil!
You kill the ice devil!
Trog accepts your kill.
Unknown command.
You thump the orange demon! You headbutt the orange demon.
You kill the orange demon!
Trog accepts your kill. You block the orange demon's attack.
The orange demon stings you!
* * * LOW HITPOINT WARNING * * *
You block the orange demon's attack.
You sock the orange demon!
The orange demon is severely wounded.
You block the hell hound's attack. The orange demon stings you.
You die...

## ≈≈§ §≈§≈############
≈≈.....#........
.....44#..8.8... ♣
.._...h@)..#.8.. ♣
......3#..#.8... ♣
..4....#...8.#.
###############..8.#...
#.............'...8.8..
#....8....8...#........
#.............#########+♣♣♣♣♣
#######''###### ♣♣♣P♣♣.♣♣
♣....♣ ♣♣♣.......♣♣


You could see 2 orange demons, an ice devil, a smoke demon and a hell hound.

Vanquished Creatures
  5 vault guards (D:14)
  3 two-headed ogres
  A death yak (Lair:5)
  A sixfirhy (Lair:5)
  Amaemon (D:11)
  2 skeletal warriors
  An orb spider (Lair:3)
  A wizard (Lair:5)
  A lindwurm (Lair:5)
  A wolf spider (D:8)
  5 ugly things (D:14)
  A manticore (D:14)
  An elephant (D:11)
  A cyclops (D:11)
  2 black mambas
  3 orange demons
  An unseen horror (D:11)
  3 rime drakes
  10 cane toads
  8 komodo dragons
  A torpor snail (Lair:4)
  An ice devil (Lair:5)
  Grinder (D:4)
  4 polar bears
  A troll (D:11)
  Prince Ribbit (D:6)
  21 blink frogs
  Sigmund (D:2)
  7 wyverns
  A wraith (D:11)
  29 yaks
  2 basilisks
  Edmund (D:6)
  2 acid dragons
  3 hell hounds (Lair:5)
  16 water moccasins
  4 black bears
  2 orc warriors
  A sky beast (D:8)
  2 ice beasts
  9 wolves
  12 centaurs
  3 ogres
  4 kobold brigands
  A phantom (D:7)
  Blork the orc (D:4)
  4 scorpions
  8 bullfrogs
  A necrophage (D:7)
  8 wights (D:9)
  6 killer bees (D:9)
  3 howler monkeys
  11 electric eels
  2 hounds (D:5)
  2 orc priests
  2 gnoll boudas
  5 iguanas
  3 orc wizards
  Robin (D:2)
  14 gnolls
  7 adders
  A shadow imp (D:7)
  A white imp (D:7)
  3 ufetubi
  2 worms
  23 orcs
  5 ball pythons
  3 endoplasms
  A giant cockroach (D:3)
  16 goblins
  8 hobgoblins
  11 jackals
  A quokka (D:2)
  3 bats
  A frilled lizard (D:1)
  18 kobolds
  3 rats
360 creatures vanquished.

Vanquished Creatures (others)
  9 fungi
  74 plants
83 creatures vanquished.

Grand Total: 443 creatures vanquished

Notes
Turn   | Place    | Note
-------+----------+-------------------------------------------
     0 | D:1      | Destapler the Minotaur Berserker began the quest for the
                  | Orb.
     0 | D:1      | Reached XP level 1. HP: 19/19 MP: 0/0
   190 | D:1      | Found a faded altar of an unknown god.
   394 | D:1      | Reached XP level 2. HP: 26/27 MP: 1/1
   932 | D:2      | Reached XP level 3. HP: 31/33 MP: 2/2
   998 | D:2      | Noticed Robin
  1227 | D:2      | Reached skill level 4 in Fighting
  1230 | D:2      | Killed Robin
  1231 | D:2      | Reached skill level 1 in Shields
  1476 | D:2      | Noticed Sigmund
  1495 | D:2      | Killed Sigmund
  1496 | D:2      | Reached skill level 1 in Short Blades
  1496 | D:2      | Reached skill level 1 in Throwing
  1496 | D:2      | Reached skill level 1 in Evocations
  1496 | D:2      | Reached XP level 4. HP: 6/41 MP: 3/3
  1496 | D:2      | Reached XP level 5. HP: 7/47 MP: 4/4
  1951 | D:2      | Reached XP level 6. HP: 53/53 MP: 5/5
  2126 | D:2      | Identified the +11 mace of the Beginning {vorpal, rPois
                  | Int+2}
  2299 | D:3      | Found a glowing silver altar of Zin.
  2299 | D:3      | Found an ornate altar of the Wu Jian Council.
  2302 | D:3      | Found a bloodstained altar of Trog.
  2350 | D:3      | Reached ** piety under Trog
  2987 | D:3      | Found a shimmering altar of Xom.
  3169 | D:4      | Found a stormy altar of Qazlal.
  3174 | D:4      | Found an ancient bone altar of Kikubaaqudgha.
  3177 | D:4      | Found a blossoming altar of Fedhas.
  3177 | D:4      | Found a sparkling altar of Nemelex Xobeh.
  3184 | D:4      | Found a burning altar of Makhleb.
  3289 | D:4      | Reached skill level 1 in Maces & Flails
  3330 | D:4      | Noticed Grinder
  3344 | D:4      | Killed Grinder
  3345 | D:4      | Reached XP level 7. HP: 51/60 MP: 3/6
  3473 | D:4      | Reached skill level 5 in Fighting
  3538 | D:4      | Found an opulent altar of Gozag.
  3832 | D:4      | Noticed Blork the orc
  3839 | D:4      | Killed Blork the orc
  4274 | D:5      | Entered Level 5 of the Dungeon
  4460 | D:5      | Reached XP level 8. HP: 69/69 MP: 7/7
  4492 | D:5      | Identified the +8 dagger "Killer Klown's Bane" {elec, rC+
                  | Str+4}
  5125 | D:6      | Noticed Prince Ribbit
  5145 | D:6      | Killed Prince Ribbit
  5146 | D:6      | Reached skill level 6 in Fighting
  5146 | D:6      | Reached skill level 5 in Maces & Flails
  5754 | D:6      | Found a glowing golden altar of the Shining One.
  5756 | D:6      | Noticed an angel
  5845 | D:6      | Found a basalt altar of Yredelemnul.
  5905 | D:6      | Noticed Edmund
  5916 | D:6      | Killed Edmund
  5918 | D:6      | Reached XP level 9. HP: 75/75 MP: 8/8
  6264 | D:6      | Reached skill level 1 in Stealth
  6482 | D:6      | Found a runed translucent door.
  6483 | D:6      | Noticed Crazy Yiuf
  7337 | D:7      | Found a staircase to the Ecumenical Temple.
  7932 | D:8      | Reached *** piety under Trog
  8243 | D:8      | Reached skill level 7 in Fighting
  8243 | D:8      | Reached skill level 5 in Throwing
  8295 | D:8      | Found a shadowy altar of Dithmenos.
  8485 | D:9      | Reached skill level 8 in Fighting
  8658 | D:9      | Noticed a two-headed ogre
  8674 | D:9      | HP: 3/121 [electric eel/bolt of electricity (10)]
  9041 | D:9      | Reached skill level 5 in Short Blades
  9135 | D:9      | Reached XP level 10. HP: 88/88 MP: 9/9
  9151 | D:9      | Found Xammilejaor's Armour Shoppe.
  9502 | D:9      | Noticed a wolf spider
  9651 | D:9      | Identified a scroll of acquirement
  9651 | D:9      | Acquired a manual of Fighting
  9918 | D:8      | Killed a wolf spider
 10039 | D:9      | Killed a two-headed ogre
 10268 | D:10     | Entered Level 10 of the Dungeon
 10439 | D:10     | Noticed a two-headed ogre
 10446 | D:10     | Killed a two-headed ogre
 10447 | D:10     | Reached skill level 10 in Maces & Flails
 10557 | D:10     | Reached skill level 9 in Fighting
 11115 | D:10     | Reached skill level 5 in Armour
 11128 | D:10     | Reached skill level 5 in Shields
 11302 | D:11     | Reached skill level 5 in Dodging
 11425 | D:11     | Reached XP level 11. HP: 65/97 MP: 10/10
 11552 | D:11     | Noticed a two-headed ogre
 11564 | D:11     | Killed a two-headed ogre
 11649 | D:11     | Found Zucagruta's Assorted Antiques.
 11688 | D:11     | Noticed Amaemon
 11744 | D:11     | Killed Amaemon
 11745 | D:11     | Reached skill level 5 in Evocations
 11753 | D:11     | Reached skill level 10 in Fighting
 11858 | D:11     | You fall into a shaft and drop 3 floors!
 11943 | D:13     | Noticed a skeletal warrior
 11943 | D:13     | Noticed a skeletal warrior
 11943 | D:13     | Noticed a skeletal warrior
 11943 | D:13     | Noticed a skeletal warrior
 11943 | D:13     | Noticed a skeletal warrior
 11949 | D:14     | Noticed a green ugly thing
 11951 | D:14     | Noticed a green ugly thing
 11954 | D:14     | Killed a skeletal warrior
 11959 | D:14     | Killed a green ugly thing
 11961 | D:14     | Killed a red ugly thing
 11962 | D:14     | Reached skill level 11 in Fighting
 11962 | D:14     | Noticed a green ugly thing
 11964 | D:14     | Noticed a green ugly thing
 11964 | D:14     | Noticed a green ugly thing
 11972 | D:14     | Killed a cyan ugly thing
 11976 | D:14     | Killed a green ugly thing
 11979 | D:14     | Killed a green ugly thing
 12289 | D:14     | Found an ornate altar of the Wu Jian Council.
 12403 | D:14     | Noticed a wizard
 12416 | D:14     | Found a gate to the Vaults.
 12416 | D:14     | Noticed a vault guard
 12416 | D:14     | Noticed a vault guard
 12416 | D:14     | Noticed a vault guard
 12416 | D:14     | Noticed a vault guard
 12416 | D:14     | Noticed a vault guard
 12416 | D:14     | Noticed a vault guard
 12416 | D:14     | Noticed a vault guard
 12441 | D:14     | Killed a vault guard
 12448 | D:14     | Killed a vault guard
 12449 | D:14     | Reached skill level 12 in Fighting
 12454 | D:14     | Killed a vault guard
 12492 | D:14     | Noticed a vault guard
 12503 | D:14     | Killed a vault guard
 12515 | D:14     | HP: 2/159 [vault guard/+0 war axe (15)]
 12517 | D:14     | Killed a vault guard
 12518 | D:14     | Reached skill level 13 in Fighting
 12518 | D:14     | Reached XP level 12. HP: 4/115 MP: 11/11
 12609 | D:12     | Noticed a seven-headed hydra
 12797 | D:11     | Reached skill level 10 in Short Blades
 12841 | D:11     | Found a staircase to the Lair.
 13250 | Lair:1   | Entered Level 1 of the Lair of Beasts
 13291 | Lair:1   | Reached skill level 14 in Fighting
 13299 | Lair:1   | Reached **** piety under Trog
 13548 | D:11     | Gained mutation: Your mind is acute. (Int +4, Str/Dex -1)
                  | [potion of mutation]
 13549 | D:11     | Lost mutation: Your mind is acute. (Int +4, Str/Dex -1)
                  | [potion of mutation]
 13549 | D:11     | Gained mutation: Your magical capacity is low. (-10% MP)
                  | [potion of mutation]
 13549 | D:11     | Gained mutation: Your body sometimes deteriorates upon
                  | taking damage. [potion of mutation]
 13549 | D:11     | Gained mutation: You passively dampen the noise of your
                  | surroundings. [potion of mutation]
 14065 | Lair:2   | Reached skill level 15 in Fighting
 14165 | D:11     | Upgraded the game from 0.29-a0-909-g30c7767f5c to
                  | 0.29-a0-914-g906f1d757c
 14612 | Lair:2   | Found a staircase to the Shoals.
 14675 | Lair:2   | Reached skill level 16 in Fighting
 15421 | Lair:3   | Found a hole to the Spider Nest.
 15780 | Lair:3   | Reached XP level 13. HP: 83/130 MP: 10/10
 16727 | Lair:4   | Reached ***** piety under Trog
 16794 | Lair:4   | Reached skill level 17 in Fighting
 17167 | Lair:4   | Received a gift from Trog
 17483 | Lair:5   | Entered Level 5 of the Lair of Beasts
 17865 | Lair:5   | Found a burning altar of Makhleb.
 17928 | Lair:5   | HP: 9/190 [orange demon (4)]
 17932 | Lair:5   | HP: 3/192 [orange demon (9)]
 17933 | Lair:5   | Slain by an orange demon

Illustrated notes

Levels and vault maps discovered:
D:1:      dpeg_arrival_tiny_j, layout_basic, basic_ecumenical_altar,
          dreamdust_princess_corridor
D:2:      layout_basic, minmay_misc_feat_rows, minmay_distorted, uniq_robin,
          uniq_sigmund
D:3:      layout_basic, grunt_temple_overflow_open, old_standard_altar
D:4:      layout_cave_pods, nicolae_overflow_hidden_temple,
          nicolae_overflow_hallway_of_the_gods, hangedman_decor_push,
          uniq_grinder, uniq_blork_the_orc
D:5:      layout_loops_cross, nicolae_elevator_lobby_asterisk
D:6:      layout_rooms, grunt_temple_overflow_holy_war, serial_bayou_lagoon_b,
          uniq_edmund, uniq_prince_ribbit1, uniq_crazy_yiuf_cottage
D:7:      layout_rooms, minmay_temple_entry_water_ring
D:8:      layout_basic, lemuel_round_altar
D:9:      nicolae_cairo_tiling_large_dashed, layout_basic, serial_shops,
          nicolae_take_the_stairs, kennysheep_island_fort
D:10:     layout_rooms
D:11:     layout_basic, david_lair_generic, serial_shops, shop, uniq_amaemon
D:12:     layout_basic, orc_david_3
D:13:     layout_rooms, uniq_josephine, uniq_frances
D:14:     layout_basic, erik_vaults_2, dk_noncrumbling_4,
          nicolae_wu_jian_wuxing_cycle
Lair:1:   layout_gridlike, gauntlet_entry_generic, nicolae_quartered_pool_super
Lair:2:   layout_hall_layers, minmay_shoals_entry_centaurs, beast_lair_carwin_2,
          grunt_megastairs_5
Lair:3:   layout_cave_pods, nicolae_spider_entry_orb_guardian,
          dreamdust_gnoll_shepherd
Lair:4:   layout_regular_city, serial_bayou, serial_bayou_ford_a,
          serial_bayou_pond_c, serial_bayou_lake_a, serial_bayou_pond_d,
          serial_bayou_pond_a, serial_bayou_shore_a,
          kennysheep_catoblepas_arena, lemuel_fruit_tree,
          infiniplex_staircase_pool
Lair:5:   evil_forest, layout_gridlike, nicolae_slime_entry_slimehenge

Skill      XL: |  1  2  3  4  5  6  7  8  9 10 11 12 13 |
---------------+----------------------------------------+-----
Axes           | 4 |  4.0
Armour         | 3 4 5 6 |  6.0
Fighting       | 4 5 6 8 9 13 16 17 | 17.6
Shields        | 2 3 4 5 6 |  6.0
Short Blades   | 1 2 3 4 5 7 9 12 13 | 13.7
Throwing       | 1 2 3 4 5 6 |  6.0
Dodging        | 3 4 5 |  5.0
Evocations     | 1 2 3 4 5 |  5.0
Maces & Flails | 2 4 7 9 10 11 12 13 | 13.8
Stealth        | 1 2 |  2.0

Action                   |  1- 3 |  4- 6 |  7- 9 | 10-12 | 13-15 || total
-------------------------+-------+-------+-------+-------+-------++-------
Melee: Dagger            |    74 |    20 |     5 |     1 |       ||   100
       Headbutt          |    12 |     6 |    21 |    82 |    50 ||   171
       Hand axe          |     1 |       |       |       |       ||     1
       Punch             |     1 |     2 |       |     3 |       ||     6
       Mace              |       |    29 |   199 |   338 |   198 ||   764
Throw: Dart              |     6 |     1 |    13 |    21 |    21 ||    62
       Stone             |     6 |     5 |    26 |       |       ||    37
       Javelin           |       |       |     2 |     5 |       ||     7
       Boomerang         |       |       |       |     2 |       ||     2
Invok: Berserk           |     3 |     1 |     8 |    13 |     3 ||    28
       Trog's Hand       |       |     1 |     3 |     1 |       ||     5
 Abil: Evoke Invisibilit |       |       |       |     2 |       ||     2
Evoke: Wand              |       |       |       |    10 |       ||    10
  Use: Potion            |     1 |       |     1 |     5 |     1 ||     8
       Scroll            |       |     4 |     1 |    24 |       ||    29
 Stab: Sleeping          |       |     1 |       |     3 |     1 ||     5
       Invisible         |       |       |     1 |     2 |       ||     3
       Distracted        |       |       |       |       |     1 ||     1
Armor: Robe              |    22 |     6 |       |       |       ||    28
       Animal skin       |     1 |       |       |       |       ||     1
       Chain mail        |       |    13 |    54 |       |       ||    67
       Acid dragon scale |       |       |    17 |    21 |       ||    38
       Troll leather arm |       |       |       |    27 |    17 ||    44
Dodge: Dodged            |    56 |    19 |   149 |   147 |    87 ||   458
Block: Other             |       |       |       |    23 |       ||    23
       Buckler           |       |       |       |   103 |    76 ||   179
       Reflection        |       |       |       |    17 |       ||    17

Table legend: (Time is in decaauts)
 A = Elapsed time spent in this place.
 B = Non-inter-level travel time spent in this place.
 C = Inter-level travel time spent in this place.
 D = Time resting spent in this place.
 E = Time spent auto-exploring this place.
 F = Levels seen in this place.
 G = Mean time per level.
                   A        B        C        D        E       F      G
               +--------+--------+--------+--------+--------+-----+--------+
         Total |  18155 |  16896 |   1259 |   3108 |  10251 |  19 |  955.5 |
       Dungeon |  13484 |  12494 |    990 |   2898 |   7191 |  14 |  963.1 |
          Lair |   4671 |   4402 |    269 |    210 |   3060 |   5 |  934.2 |
               +--------+--------+--------+--------+--------+-----+--------+

Top non-repeatable levels by time:
     D:9: 1608 daAuts
     D:6: 1576 daAuts
     D:2: 1477 daAuts
    D:11: 1272 daAuts
     D:4: 1256 daAuts
  Lair:4: 1231 daAuts
  Lair:2: 1127 daAuts
     D:8: 1121 daAuts
  Lair:3: 1094 daAuts
     D:5: 1064 daAuts
     D:3: 995 daAuts
    D:10: 921 daAuts
     D:1: 848 daAuts
  Lair:1: 839 daAuts
    D:14: 752 daAuts
